Map: Ruins of Seras

Players

Solar - Winner!

  • Race: Zerg Zerg
  • League: Diamond

FireCake

  • Race: Zerg Zerg
  • League: Diamond

Event: DreamHack ROCCAT LotV Championship

VOD

Have the link to the VOD?

Description

Time

  • Played on: Nov. 28, 2015, 10:17 a.m.
  • Length: 12:44

All games in this series

Show
View Real Time Build Order
Export as new Build Order

Solar Zerg - Winner!

Build Orders: Hatch First 

Get SALT Encoding   

  12  0:00  Drone  
  13  0:12  Overlord  
  13  0:18  Drone  
  14  0:31  Drone x2  
  17  0:35  Drone  
  17  0:53  Hatchery  
  17  0:56  Drone  
  17  1:00  Drone  
  18  1:11  Extractor  
  18  1:15  Spawning Pool  
  18  1:18  Drone  
  17  1:20  Drone  
  18  1:29  Drone  
  19  1:40  Overlord  
  19  1:51  Drone  
  20  2:03  Zergling x2  
  20  2:04  Queen x2  
  20  2:06  Drone  
  26  2:12  Metabolic Boost, Drone  
  27  2:15  Drone  
  28  2:26  Drone  
  28  2:29  Drone  
  30  2:34  Baneling Nest, Drone  
  30  2:37  Drone  
  30  2:43  Overlord  
  31  2:48  Zergling x2  
  32  2:58  Hatchery  
  31  3:00  Drone  
  31  3:01  Drone  
  33  3:07  Drone  
  33  3:10  Drone  
  33  3:12  Zergling x2  
  35  3:16  Zergling x6  
  35  3:18  Zergling x2  
  39  3:20  Zergling x2  
  39  3:26  Drone  
  41  3:27  Overlord  
  41  3:32  Drone  
  42  3:37  Zergling x2  
  42  3:38  Baneling  
  42  3:39  Baneling  
  42  3:40  Drone  
  44  3:45  Drone x3, Overlord  
  47  3:52  Queen  
  47  3:53  Drone  
  50  3:55  Drone  
  50  3:57  Zergling x2  
  50  4:00  Overlord  
  51  4:10  Overlord  
  51  4:11  Drone  
  51  4:13  Drone  
  51  4:14  Drone  
  53  4:17  Drone  
  53  4:18  Extractor  
  53  4:20  Zergling x2  
  53  4:25  Drone  
  53  4:27  Drone x2  
  53  4:28  Baneling x2  
  53  4:30  Roach Warren  
  54  4:32  Zergling x8  
  54  4:36  Overlord  
  54  4:37  Zergling x2  
  59  4:41  Evolution Chamber  
  59  4:43  Zergling x2  
  59  4:45  Zergling x2  
  60  4:47  Drone  
  60  4:52  Baneling x2  
  56  4:53  Zergling x2  
  54  5:00  Zergling x4  
  54  5:01  Zergling x12  
  54  5:02  Zergling x2  
  54  5:03  Drone  
  62  5:07  Baneling  
  62  5:08  Zergling x2  
  62  5:09  Zergling x4  
  64  5:14  Zergling x2  
  64  5:19  Zergling x2  
  64  5:23  Zerg Missile Weapons Level 1  
  64  5:24  Roach x2  
  64  5:26  Baneling  
  70  5:28  Roach  
  70  5:32  Roach  
  71  5:38  Roach x2  
  75  5:43  Roach x3  
  75  5:44  Drone  
  75  5:45  Drone  
  75  5:46  Lair  
  75  5:47  Extractor  
  82  5:52  Overlord  
  82  5:53  Drone  
  82  5:54  Drone  
  82  5:55  Drone x3  
  82  5:56  Drone  
  88  5:57  Drone  
  88  6:00  Overlord  
  89  6:05  Overlord  
  89  6:10  Extractor  
  89  6:11  Overlord  
  88  6:15  Roach x2  
  88  6:16  Drone x2  
  88  6:17  Drone  
  95  6:18  Drone  
  95  6:21  Drone  
  97  6:29  Drone x2, Extractor  
  97  6:36  Drone  
  97  6:39  Drone x2  
  100  6:40  Drone  
  100  6:42  Overlord x2  
  100  6:43  Drone  
  100  6:44  Drone x3  
  100  6:45  Glial Reconstitution  
  105  6:48  Roach x3  
  111  6:59  Hatchery  
  111  7:01  Overlord  
  110  7:02  Ravager x5  
  110  7:08  Roach x3  
  121  7:12  Overlord  
  121  7:13  Drone x2  
  121  7:14  Drone x2, Extractor  
  124  7:19  Roach x2  
  124  7:20  Roach  
  130  7:27  Roach  
  130  7:28  Roach x2  
  135  7:30  Roach  
  135  7:31  Roach x2  
  139  7:40  Overlord, Ravager  
  139  7:42  Roach x2  
  139  7:43  Roach x4  
  151  7:49  Roach  
  152  7:52  Overlord  
  152  7:54  Overlord  
  152  7:57  Overlord  
  154  7:58  Roach x2  
  154  7:59  Roach x2  
  154  8:03  Ravager x2  
  160  8:06  Overlord  
  160  8:08  Drone, Zerg Missile Weapons Level 2  
  161  8:15  Baneling x4  
  161  8:21  Hatchery, Roach x3  
  166  8:28  Ravager x2  
  166  8:34  Roach x6  
  176  8:39  Overseer  
  180  8:48  Roach x4  
  184  8:50  Ravager  
  184  8:53  Overlord  
  184  8:55  Pneumatized Carapace  
  187  8:59  Overlord  
  181  9:11  Overlord  
  181  9:12  Tunneling Claws  
  181  9:14  Roach x5  
  181  9:15  Roach x2  
  195  9:23  Spine Crawler  
  192  9:27  Roach x6  
  192  9:28  Roach  
  195  9:31  Queen  
  195  9:33  Drone x2  
  195  9:36  Ravager  
  195  9:43  Roach x3  
  195  9:44  Roach x2  
  171  9:48  Roach x2  
  171  9:50  Roach  
  171  9:52  Roach  
  149  9:54  Roach x2  
  149  9:57  Ravager  
  149  9:59  Roach x2  
  150  10:08  Roach x5  
  150  10:13  Ravager  
  159  10:17  Roach  
  159  10:18  Roach x3  
  159  10:20  Queen  
  168  10:22  Extractor  
  168  10:26  Roach x4  
  173  10:32  Roach x4  
  179  10:39  Burrow, Roach x2  
  181  10:48  Ravager  
  184  10:50  Roach x4  
  184  10:56  Roach x4  
  179  11:05  Roach x6  
  178  11:12  Roach x3  
  178  11:17  Queen  
  185  11:18  Drone  
  185  11:20  Drone  
  184  11:27  Roach  
  184  11:31  Ravager  
  184  11:32  Ravager  
  188  11:34  Ravager  
  187  11:42  Roach x25  
  187  11:44  Roach x6  
  175  11:52  Roach x4  
  163  11:56  Ravager  
  163  11:59  Roach x3  
  170  12:03  Roach x2  
  160  12:09  Roach x2  
  160  12:11  Ravager  
  165  12:18  Roach  
  165  12:19  Roach x4  
  163  12:24  Ravager  
  141  12:40  Ravager  
  141  12:41  Ravager x2  
Show
View Real Time Build Order
Export as new Build Order

FireCake Zerg 

Build Orders: Pool First 

Get SALT Encoding   

  12  0:00  Drone  
  13  0:08  Drone  
  14  0:17  Overlord  
  14  0:24  Drone, Extractor  
  15  0:36  Drone x2  
  17  0:46  Spawning Pool  
  17  0:49  Drone  
  17  1:06  Extractor  
  16  1:11  Hatchery  
  16  1:14  Drone  
  16  1:18  Drone  
  16  1:22  Drone  
  18  1:32  Queen  
  18  1:36  Drone  
  21  1:43  Overlord  
  21  1:50  Drone  
  22  2:02  Drone  
  22  2:07  Metabolic Boost  
  22  2:08  Queen  
  23  2:11  Drone  
  26  2:20  Drone  
  27  2:25  Drone  
  28  2:35  Baneling Nest  
  27  2:37  Zergling x2  
  27  2:41  Drone x4  
  32  2:47  Overlord  
  32  2:49  Zergling x2  
  33  2:57  Drone x2  
  35  3:09  Drone x2  
  36  3:18  Drone x5  
  41  3:24  Hatchery  
  40  3:28  Zergling x4  
  42  3:35  Overlord  
  42  3:38  Zergling x4  
  44  3:47  Baneling x2  
  44  3:48  Baneling x2  
  44  3:53  Overlord, Queen  
  44  3:54  Overlord  
  44  3:55  Zergling x4  
  48  3:57  Zergling x2  
  49  4:03  Zergling x6  
  52  4:15  Drone x3  
  54  4:28  Zergling x14  
  60  4:31  Extractor  
  60  4:33  Roach Warren  
  60  4:34  Evolution Chamber  
  57  4:43  Drone  
  57  4:44  Drone x2  
  53  5:00  Zergling x12  
  53  5:03  Zerg Missile Weapons Level 1  
  57  5:13  Drone x10  
  63  5:25  Roach x3  
  63  5:27  Baneling x2  
  68  5:32  Extractor  
  67  5:38  Roach x3  
  73  5:46  Overlord  
  73  5:47  Overlord x2  
  73  5:51  Extractor x2  
  73  5:55  Drone x2  
  75  5:58  Lair  
  75  5:59  Overlord  
  75  6:08  Drone  
  75  6:09  Drone x6  
  82  6:20  Drone x2  
  82  6:21  Drone x7  
  82  6:22  Roach x2  
  95  6:31  Drone x3  
  98  6:44  Hatchery  
  96  6:49  Drone x3  
  96  6:51  Roach x4, Extractor x2  
  105  6:54  Overlord  
  105  6:55  Overlord x2  
  105  6:56  Overlord  
  105  6:57  Glial Reconstitution  
  105  6:58  Zerg Missile Weapons Level 2  
  105  7:11  Baneling x2  
  105  7:14  Roach  
  105  7:15  Roach x5  
  117  7:28  Roach x6  
  122  7:40  Drone x4  
  122  7:41  Drone x2  
  128  7:46  Roach  
  129  7:55  Overlord, Queen  
  129  7:56  Overlord x2  
  129  7:57  Overlord  
  129  7:58  Overlord x2  
  131  7:59  Overlord x2  
  131  8:02  Pneumatized Carapace  
  130  8:23  Drone x2, Extractor  
  130  8:24  Drone  
  130  8:26  Roach  
  148  8:27  Roach x15  
  148  8:29  Ravager x3  
  148  8:30  Ravager x3  
  170  8:47  Roach x9  
  188  8:56  Roach  
  188  8:57  Roach  
  188  8:58  Overlord x2  
  190  9:09  Roach x4  
  191  9:10  Roach x2  
  191  9:24  Roach x4  
  199  9:28  Overlord x2  
  199  9:35  Overlord  
  167  9:47  Roach  
  167  9:48  Roach x11  
  162  9:54  Roach x10  
  179  10:10  Roach  
  179  10:11  Roach x6  
  190  10:22  Roach x4  
  190  10:23  Spine Crawler  
  190  10:28  Roach x3  
  199  10:34  Zerg Ground Armor Level 1  
  191  10:41  Roach x4  
  199  11:04  Hatchery  
  162  11:07  Roach  
  162  11:08  Roach x22  
  180  11:16  Roach  
  180  11:18  Burrow  
  178  11:23  Spine Crawler  
  178  11:25  Spine Crawler  
  174  11:27  Spine Crawler  
  174  11:29  Roach x10  
  174  11:30  Roach x3  
  165  11:48  Roach x8  
  143  11:55  Roach  
  143  11:56  Roach x9  
  161  12:06  Roach x6  
  137  12:18  Roach x6  

Tags
 
Add a new tag
Caveats
  • Supply blocks, unpowered buildings, or Contaminate may cause inaccurate times.
  • Supply counts are checked every 10 seconds.